 Dungeon Crawl Stone Soup version 0.17-a0-2208-ge5ab1d3 (webtiles) character file.

1336 kosy22 the Ducker (level 8, -4/78 HPs)
             Began as a Troll Fighter on Oct 26, 2015.
             Was a Priest of Elyvilon.
             Slain by Edmund
             ... wielding a +6 antimagic flail
              (6 damage)
             ... on level 6 of the Dungeon.
             The game lasted 00:11:46 (4623 turns).

kosy22 the Ducker (Troll Fighter)                   Turns: 4623, Time: 00:11:48

Health: -4/78      AC:  5    Str: 27    XL:     8   Next: 35%
Magic:  0/7        EV: 10    Int:  9    God:    Elyvilon [***...]
Gold:   213        SH: 10    Dex:  9    Spells: 0 memorised, 7 levels left

rFire  . . .     SeeInvis .       - Unarmed
rCold  . . .     Clarity  .     a - +0 robe
rNeg   . . .     SustAt   .     b - +1 shield
rPois  .         Gourm    +     (helmet restricted)
rElec  .         Spirit   +     (no cloak)
rCorr  .         Warding  .     (gloves unavailable)
rMut   .         Stasis   .     (boots unavailable)
MR     .....                    n - amulet of guardian spirit
Stlth  +.........               j - +3 ring of intelligence
                                h - +2 ring of intelligence

@: lethally poisoned (-4 -> -6), not resistant to hostile enchantments, very
unstealthy
A: unfitting armour, claws 3, fast metabolism 3, gourmand, regeneration 2,
shaggy fur 1, tough skin 2
a: Lesser Healing, Divine Protection, Heal Other, Purification, Renounce
Religion


You were on level 6 of the Dungeon.
You worshipped Elyvilon.
Elyvilon was most pleased with you.
You were full.

You visited 1 branch of the dungeon, and saw 6 of its levels.

You collected 213 gold pieces.

Inventory:

Missiles
 p - 9 poisoned needles
 q - 3 tomahawks (quivered)
 x - 4 large rocks
Armour
 a - a +0 robe (worn)
 b - a +1 shield (worn)
Jewellery
 h - a +2 ring of intelligence (left claw)
 j - a +3 ring of intelligence (right claw)
 n - an amulet of guardian spirit (around neck)
Scrolls
 s - 2 scrolls of magic mapping
 v - 5 scrolls of identify
 w - 3 scrolls of enchant armour
Potions
 c - a potion of might
 f - a potion of agility {unknown}
 i - a potion of cure mutation {unknown}
 k - a potion of degeneration {unknown}
 o - 2 potions of poison
 r - a potion of mutation {unknown}
Comestibles
 d - 8 fruits
 m - a royal jelly
 t - 5 bread rations
 z - a slice of pizza


   Skills:
 + Level 4.2 Fighting
 + Level 0.6 Throwing
 + Level 5.5 Dodging
 + Level 1.0 Stealth
 + Level 4.6 Shields
 + Level 5.1 Unarmed Combat


You had 7 spell levels left.
You didn't know any spells.

Dungeon Overview and Level Annotations

Branches:
Dungeon (6/15)
 Temple: D:4-7

Altars:
Ashenzari
Elyvilon
Fedhas
Makhleb
Okawaru
Trog
Vehumet
Xom
Zin

Annotations:
D:6 Edmund, Sigmund


Innate Abilities, Weirdness & Mutations

You are too large for most types of armour.
You have claws for hands.
Your metabolism is lightning-fast.
You like to eat raw meat.
You heal very quickly.
You are covered in fur (AC +1).
You have very tough skin (AC +2).


Message History

You feel your power leaking away.
You bump into the rock wall.
Something hits you!
* * * LOW HITPOINT WARNING * * *
Edmund closely misses you.
You closely miss Edmund.
Edmund is lightly wounded.
Edmund hits you with an antimagic flail.
* * * LOW HITPOINT WARNING * * *
Something hits you!
* * * LOW HITPOINT WARNING * * *
You're too confused!
Drink which item? (? for menu, Esc to quit)
It was a potion of poison.
That liquid tasted very nasty...
You are lethally poisoned!
You feel less confused.
* * * LOW HITPOINT WARNING * * *
You feel sick.
Edmund hits you with an antimagic flail.
You die...

#..#..# #.##.#
#..##.####.##..
#..##...##.##..
#...###..._....
##.#.###..#.#...
###.....####......
.................#
#############.######....
.......@......# ####.
#...#..@#...#.# .
..............# .
#.(.#...#.^.###
.............#
##############


You could see Edmund.

Vanquished Creatures
  A hungry ghost (D:4)
  A phantom (D:4)
  A sky beast (D:5)
  An ice beast (D:5)
  An ogre (D:4)
  2 necrophages (D:5)
  2 scorpions
  2 water moccasin skeletons (D:5)
  2 crimson imps (D:5)
  An orc wizard (D:5)
  An orc priest (D:5)
  A giant frog skeleton (D:5)
  2 iguanas (D:5)
  A worker ant (D:5)
  A worker ant zombie (D:4)
  A hound skeleton (D:5)
  10 adders
  4 worms
  3 giant geckos
  12 orcs
  3 ball pythons
  9 bats
  7 goblins
  10 hobgoblins
  7 jackals
  A quokka (D:5)
  3 giant cockroaches
  5 giant newts
  6 kobolds
  8 rats
  A plant (D:1)
110 creatures vanquished.

Vanquished Creatures (others)
  5 sheep (D:4)
5 creatures vanquished.

Grand Total: 115 creatures vanquished

Notes
Turn   | Place    | Note
--------------------------------------------------------------
     0 | D:1      | kosy22 the Troll Fighter began the quest for the Orb.
     0 | D:1      | Reached XP level 1. HP: 22/22 MP: 0/0
   321 | D:1      | Reached XP level 2. HP: 29/29 MP: 1/1
   699 | D:2      | Reached skill level 3 in Dodging
   731 | D:2      | Found a white marble altar of Elyvilon.
   743 | D:2      | Reached XP level 3. HP: 34/36 MP: 2/2
   858 | D:2      | Became a worshipper of Elyvilon the Healer
  1092 | D:2      | Found a blossoming altar of Fedhas.
  1205 | D:2      | Found a glowing silver altar of Zin.
  1206 | D:2      | Noticed an angel
  1414 | D:2      | Reached XP level 4. HP: 44/44 MP: 3/3
  1647 | D:3      | Reached * piety under Elyvilon
  1841 | D:3      | Found an iron altar of Okawaru.
  2061 | D:3      | Reached XP level 5. HP: 52/52 MP: 4/4
  2630 | D:4      | Found a shimmering altar of Xom.
  2736 | D:4      | Reached ** piety under Elyvilon
  2748 | D:4      | Noticed a phantom
  2795 | D:4      | Killed a phantom
  2795 | D:4      | Reached XP level 6. HP: 54/61 MP: 3/5
  2821 | D:4      | Noticed a hungry ghost
  2835 | D:4      | Killed a hungry ghost
  2868 | D:4      | Reached skill level 4 in Dodging
  3124 | D:4      | Noticed an ogre
  3130 | D:4      | Killed an ogre
  3130 | D:4      | Reached XP level 7. HP: 49/67 MP: 4/6
  3423 | D:5      | Entered Level 5 of the Dungeon
  3423 | D:5      | Found a bloodstained altar of Trog.
  3709 | D:5      | Reached skill level 1 in Stealth
  3725 | D:5      | Found a radiant altar of Vehumet.
  3797 | D:5      | Found a burning altar of Makhleb.
  3889 | D:5      | Reached skill level 5 in Dodging
  4016 | D:5      | Reached XP level 8. HP: 55/78 MP: 4/7
  4157 | D:5      | Reached skill level 5 in Unarmed Combat
  4573 | D:6      | Reached *** piety under Elyvilon
  4575 | D:6      | Found a shattered altar of Ashenzari.
  4592 | D:6      | Noticed Edmund
  4593 | D:6      | Noticed Sigmund
  4622 | D:6      | HP: 3/78 [something (8)]
  4623 | D:6      | Slain by Edmund

Vault maps used:
D:1:      sevenhm_arrival_forest_fort_large_4
D:2:      elyvilon_altar_4, zin_angel, fedhas_altar_3
D:3:      lemuel_crystal_altar
D:4:      kb_xom_exploding_sheep
D:5:      grunt_temple_overflow_lords_of_destruction, first_bread,
          hangedman_abyss_or_decor_stagger, trog_hazing_becter
D:6:      lemuel_coloured_pillars_altar, ashenzari_altar_1,
          kennysheep_little_box, uniq_edmund, uniq_sigmund

Action                   |  1- 3 |  4- 6 |  7- 9 || total
-------------------------+-------+-------+-------++-------
Melee: Unarmed           |   138 |   121 |   141 ||   400
Throw: Tomahawk          |       |       |     6 ||     6
  Use: Scroll            |     4 |     3 |     3 ||    10
       Potion            |       |       |     3 ||     3
  Eat: Chunk             |     5 |    16 |    12 ||    33
       Bread ration      |     1 |     1 |       ||     2
       Meat ration       |     1 |     1 |       ||     2
       Royal jelly       |       |     1 |       ||     1
